 Dungeon Crawl Stone Soup version 0.30-a0-696-g2367cd04db (webtiles) character file.

Game seed: 15371472782694918657

30 holysushi the Cutter (level 3, 0/19 HPs)
             Began as a Vine Stalker Chaos Knight on Jan 21, 2023.
             Was a Plaything of Xom.
             Succumbed to a goblin's poison
             ... on level 2 of the Dungeon.
             The game lasted 00:01:17 (767 turns).

holysushi the Cutter (Vine Stalker Chaos Knight)     Turns: 767, Time: 00:01:18

Health: 0/19       AC:  5    Str: 14    XL:     3   Next: 20%
Magic:  4/6        EV: 11    Int: 12    God:    Xom [..*...]
Gold:   99         SH:  0    Dex: 15    Spells: 4/4 levels left

rFire   . . .      SeeInvis .    a - +0 short sword (chaos)
rCold   . . .      Faith    .    (no shield)
rNeg    . . .      Spirit   +    b - +2 leather armour
rPois   .          Reflect  .    (no helmet)
rElec   .          Harm     .    (no cloak)
rCorr   .          Rampage  .    (no gloves)
Will    .....                    (no boots)
Stlth   +                        (no amulet)
HPRegen 0.23/turn                (no ring)
MPRegen 0.10/turn                (no ring)

@: lethally poisoned (0 -> -14), very slow
A: fangs 2, magic shield, antimagic bite, no potion heal 2
a: Renounce Religion


You were on level 2 of the Dungeon.
You worshipped Xom.
You were a toy of Xom.
You visited 1 branch of the dungeon, and saw 2 of its levels.

You collected 99 gold pieces.

Inventory:

Hand Weapons
 a - a +0 short sword of chaos (weapon)
Armour
 b - a +2 leather armour (worn)
Jewellery
 k - a ring of wizardry
Scrolls
 g - 3 scrolls of fog {unknown}
 h - a scroll of identify {unknown}
 i - a scroll of fear {unknown}
Potions
 e - 2 potions of brilliance {unknown}
 f - a potion of ambrosia {unknown}
 j - a potion of haste {unknown}
Miscellaneous
 c - a piece from Xom's chessboard (15/15) (quivered)


   Skills:
 - Level 2.7 Fighting
 + Level 3.3 Short Blades
 - Level 1.6 Armour
 - Level 0.8 Dodging
 + Level 1.4 Spellcasting


You had 4 spell levels left.
You didn't know any spells.
Your spell library was empty.

Dungeon Overview and Level Annotations

Branches:
Dungeon (2/15) Zot: 11239

Altars:


Innate Abilities, Weirdness & Mutations

You have extremely sharp teeth.
When hurt, damage is shared between your health and your magic reserves.
Your bite disrupts and absorbs the magic of your enemies.
Potions cannot restore your health.


Message History

No reachable target in view!
No reachable target in view!
No reachable target in view!
The frilled lizard bites you.
A goblin comes into view.
It is wielding a +0 club and quivering poisoned darts.
The frilled lizard misses you.
An adder comes into view.
The frilled lizard attacks as you move away!
The frilled lizard bites you but does no damage.
The goblin shouts!
The goblin throws a poisoned dart.
The poisoned dart hits you!
You are poisoned.
The frilled lizard attacks as you move away!
The frilled lizard barely misses you.
You feel very sick. The frilled lizard barely misses you.
Your unstable footing causes you to fumble your attack.
You feel sick. The frilled lizard closely misses you.
The goblin throws a poisoned dart.
The poisoned dart hits you!
You are more poisoned.
You hit the frilled lizard. You burn the frilled lizard.
You kill the frilled lizard!
You feel very sick.
A goblin comes into view. It is wielding a +0 club.
The goblin throws a poisoned dart.
The poisoned dart hits you!
You are lethally poisoned!
* * * LOW HITPOINT WARNING * * *
You feel extremely sick.
The adder hisses angrily.
The adder bites you.
* * * LOW HITPOINT WARNING * * *
The adder barely misses you.
You see here a frilled lizard corpse.
You are too injured to fight recklessly!
Unknown command.
You are too injured to fight recklessly!
It was a potion of heal wounds.
That seemed strangely inert.
Xom thinks this is hilarious!
You die...
Xom chuckles heartily!

#.)............
##.##.#.#####S# #).##...#
#.# ## ........# #.. .#
#.......# #.## ..
..>....######..# .#
#.###......##..# .#
#.###.#~~~~~~~~###.#
#.#~~~~~≈≈≈≈≈≈~S@~.#
~~~~≈≈≈≈≈≈≈≈≈≈≈≈≈~~~.....
~≈≈≈≈≈≈≈~~~~~~≈≈≈≈≈~g~...
≈≈≈≈~~~~~####~~~B≈≈≈≈~~..
≈~~~~##### ##.#~~~≈≈≈≈~#
~~#### #.###~~~≈≈~# #.#
#.. ..~~~g# #. ## #.##...


You could see an adder, a giant cockroach and 2 goblins.

Vanquished Creatures
  A dart slug (D:1)
  3 bats
  2 endoplasms (D:1)
  5 giant cockroaches
  2 ball pythons
  4 frilled lizards
  3 goblins
  3 kobolds
  5 rats
28 creatures vanquished.

Notes
Turn   | Place    | Note
-------+----------+-------------------------------------------
     0 | D:1      | holysushi the Vine Stalker Chaos Knight began the quest for
                  | the Orb.
     0 | D:1      | Reached XP level 1. HP: 11/11 MP: 2/2
     3 | D:1      | Noticed an electric eel
     4 | D:1      | Noticed an electric eel
    17 | D:1      | XOM: divination: magic mapping
    18 | D:1      | XOM: butterfly on damage
   171 | D:1      | XOM: silly message
   178 | D:1      | Reached skill level 3 in Short Blades
   214 | D:1      | Reached XP level 2. HP: 16/16 MP: 3/3
   249 | D:1      | XOM: divination: magic mapping
   360 | D:1      | Reached skill level 1 in Spellcasting
   654 | D:2      | Found a faded altar of an unknown god.
   685 | D:2      | Reached XP level 3. HP: 19/19 MP: 5/5
   696 | D:2      | XOM: noise
   767 | D:2      | Succumbed to a goblin's poison

Illustrated notes

Levels and vault maps discovered:
D:1:      arrival_aquarium_b, layout_rooms
D:2:      wander_river, layout_loops_ring, serial_forest,
          infiniplex_forest_clump_tiny, infiniplex_forest_lined_corner,
          infiniplex_forest_clump_cross, infiniplex_forest_clump_curved,
          hellmonk_ecumenical_altar_heavens_door

Skill      XL: |  1  2 |
---------------+-------+-----
Short Blades   | 3 |  3.3
Spellcasting   | 1 |  1.4
Fighting       | |  2.7
Armour         | |  1.6
Dodging        | |  0.8

Action                   || total
-------------------------++-------
Melee: Short sword       ||    73
       Bite              ||    13
  Use: Potion            ||     1
 Stab: Sleeping          ||     2
Armor: Leather armour    ||    24
Dodge: Dodged            ||    39

Table legend: (Time is in decaauts)
 A = Elapsed time spent in this place.
 B = Non-inter-level travel time spent in this place.
 C = Inter-level travel time spent in this place.
 D = Time resting spent in this place.
 E = Time spent auto-exploring this place.
 F = Levels seen in this place.
 G = Mean time per level.
                   A        B        C        D        E       F      G
               +--------+--------+--------+--------+--------+-----+--------+
         Total |    760 |    745 |     15 |      0 |    526 |   2 |  380.0 |
       Dungeon |    760 |    745 |     15 |      0 |    526 |   2 |  380.0 |
               +--------+--------+--------+--------+--------+-----+--------+

Top non-repeatable levels by time:
     D:1: 638 daAuts
     D:2: 122 daAuts
